[Event "11th LCC FIDE Open 2019"]
[Site "London"]
[Date "2019.11.30"]
[Round "2.2"]
[White "Moussard, Jules"]
[Black "Akots, Gabor"]
[Result "1-0"]
[ECO "C96"]
[WhiteElo "2600"]
[BlackElo "2221"]
[Annotator "ChessBase"]
[PlyCount "119"]
[EventDate "2019.11.29"]
[EventType "swiss"]
[EventCountry "ENG"]
[SourceTitle "playchess.com"]
[Source "ChessBase"]
[SourceQuality "1"]
[TimeControl "40/5400+30:1800+30"]

1. e4 e5 2. Nf3 Nc6 3. Bb5 a6 4. Ba4 Nf6 5. O-O Be7 6. Re1 b5 7. Bb3 d6 8. c3 O-O 9. h3 Na5 10. Bc2 c5 11. d4 Nd7 12. Nbd2 exd4 13. cxd4 Re8 14. d5 Bf6 15. Rb1 c4 16. b3 c3 17. Nf1 b4 18. a3 bxa3 19. Bxa3 Qb6 20. Qd3 Ne5 21. Qxc3 Bd7 22. Nxe5 Bxe5 23. Qb4 Rab8 24. Qxb6 Rxb6 25. Ne3 Bb5 26. Red1 Rc8 27. g3 g6 28. Bb4 Nb7 29. Be1 Bc3 30. Bxc3 Rxc3 31. b4 Be2 32. Rd4 a5 33. Kg2 Kg7 34. Rd2 Ba6 35. bxa5 Rxb1 36. Bxb1 Nxa5 37. Ra2 Rc5 38. Rb2 Rb5 39. Rxb5 Bxb5 40. Ba2 Bd3 41. f3 Kf6 42. Ng4+ Ke7 43. Kf2 Nb7 44. Ke3 Bf1 45. h4 f6 46. f4 Nc5 47. Bb1 Bg2 48. Nh6 Kf8 49. g4 Kg7 50. g5 Bh3 51. Bc2 Nb7 52. Kd4 Bd7 53. Bd1 Bh3 54. Bg4 Bxg4 55. Nxg4 f5 56. exf5 gxf5 57. Nf6 h6 58. h5 Kf7 59. Nd7 Kg7 60. g6 1-0

[Event "11th LCC FIDE Open 2019"]
[Site "London"]
[Date "2019.11.30"]
[Round "2.3"]
[White "Brozel, Sacha"]
[Black "Praggnanandhaa, R."]
[Result "0-1"]
[ECO "A30"]
[WhiteElo "2188"]
[BlackElo "2586"]
[Annotator "ChessBase"]
[PlyCount "57"]
[EventDate "2019.11.29"]
[EventType "swiss"]
[EventCountry "ENG"]
[SourceTitle "playchess.com"]
[Source "ChessBase"]
[SourceQuality "1"]
[TimeControl "40/5400+30:1800+30"]

1. Nf3 Nf6 2. g3 b6 3. Bg2 Bb7 4. c4 c5 5. O-O g6 6. b3 Bg7 7. Bb2 O-O 8. d4 e6 9. Nc3 Na6 10. e3 Qe7 11. Qe2 d5 12. cxd5 exd5 13. Rfd1 Nc7 14. Rac1 Ne6 15. Na4 Rac8 16. Ba3 Rfd8 17. Rc2 Bc6 18. Qa6 Qe8 19. Nc3 Ne4 20. Qd3 a5 21. Bb2 b5 22. Bf1 c4 23. bxc4 dxc4 24. Qe2 b4 25. d5 bxc3 26. dxe6 cxb2 27. exf7+ Qxf7 28. Rxc4 Rxd1 29. Qxd1 0-1

[Event "11th LCC FIDE Open 2019"]
[Site "London"]
[Date "2019.11.30"]
[Round "2.4"]
[White "Smirnov, Anton"]
[Black "Dong, Bao Nghia"]
[Result "1-0"]
[ECO "C10"]
[WhiteElo "2573"]
[BlackElo "2217"]
[Annotator "ChessBase"]
[PlyCount "79"]
[EventDate "2019.11.29"]
[EventType "swiss"]
[EventCountry "ENG"]
[SourceTitle "playchess.com"]
[Source "ChessBase"]
[SourceQuality "1"]
[TimeControl "40/5400+30:1800+30"]

1. e4 e6 2. d4 d5 3. Nc3 dxe4 4. Nxe4 Bd7 5. Nf3 Bc6 6. Bd3 Nd7 7. c3 h6 8. Bf4 Ngf6 9. Nxf6+ Nxf6 10. Ne5 Bxg2 11. Rg1 Be4 12. Bxe4 Nxe4 13. Qf3 Nd6 14. c4 g5 15. Bg3 Bg7 16. O-O-O Qf6 17. Qb3 Rd8 18. c5 Nf5 19. Qb5+ c6 20. Qxb7 O-O 21. Nxc6 Nxd4 22. Nxd8 Rxd8 23. Rd2 Rd5 24. Qb4 Qf5 25. Bd6 Be5 26. Qc4 Bxd6 27. cxd6 Qf4 28. Rgd1 Rxd6 29. Kb1 e5 30. a3 Qxh2 31. Qc7 Rd5 32. Qxa7 Qg2 33. Qa8+ Kg7 34. Ka2 Qe4 35. Rd3 g4 36. Re3 Qc2 37. Qxd5 Qxd1 38. Rxe5 Qd2 39. Re4 Qxf2 40. Rxg4+ 1-0

[Event "11th LCC FIDE Open 2019"]
[Site "London"]
[Date "2019.11.30"]
[Round "2.5"]
[White "Abrahams, Daniel"]
[Black "Fodor, Tamas Jr"]
[Result "0-1"]
[ECO "A11"]
[WhiteElo "2185"]
[BlackElo "2533"]
[Annotator "ChessBase"]
[PlyCount "88"]
[EventDate "2019.11.29"]
[EventType "swiss"]
[EventCountry "ENG"]
[SourceTitle "playchess.com"]
[Source "ChessBase"]
[SourceQuality "1"]
[TimeControl "40/5400+30:1800+30"]

1. Nf3 d5 2. g3 c6 3. Bg2 Bg4 4. c4 e6 5. d3 Bxf3 6. Bxf3 dxc4 7. dxc4 Qxd1+ 8. Kxd1 Nd7 9. e3 O-O-O 10. Ke2 h5 11. h4 Ngf6 12. b3 Ne5 13. Bb2 Nxf3 14. Bxf6 gxf6 15. Kxf3 f5 16. a3 Rd3 17. b4 Bg7 18. Ra2 Rhd8 19. Ke2 b6 20. Rc1 a5 21. c5 b5 22. a4 axb4 23. axb5 cxb5 24. c6 Bc3 25. Ra5 R8d5 26. Rxb5 Rxb5 27. Kxd3 Bb2 28. Rc2 Be5 29. Nd2 b3 30. Rc1 Rd5+ 31. Ke2 b2 32. Rb1 Rc5 33. Kd1 Kc7 34. Nf3 Bf6 35. Nd4 Bxd4 36. exd4 Rb5 37. Kc2 Kxc6 38. Rxb2 Rxb2+ 39. Kxb2 Kd5 40. Kc3 Ke4 41. Kd2 Kf3 42. Ke1 f4 43. gxf4 Kxf4 44. Ke2 {[%emt 0:00:09] Ke5} Ke4 0-1

[Event "11th LCC FIDE Open 2019"]
[Site "London"]
[Date "2019.11.30"]
[Round "2.6"]
[White "Grover, Sahaj"]
[Black "Rocco, Federico"]
[Result "1-0"]
[ECO "B23"]
[WhiteElo "2508"]
[BlackElo "2207"]
[Annotator "ChessBase"]
[PlyCount "107"]
[EventDate "2019.11.29"]
[EventType "swiss"]
[EventCountry "ENG"]
[SourceTitle "playchess.com"]
[Source "ChessBase"]
[SourceQuality "1"]
[TimeControl "40/5400+30:1800+30"]

1. e4 c5 2. Nc3 d6 3. d4 cxd4 4. Qxd4 a6 5. b3 Nf6 6. Bb2 e5 7. Qd2 Be7 8. O-O-O O-O 9. f4 Nbd7 10. Nf3 Qc7 11. g4 Nc5 12. g5 Nfxe4 13. Nxe4 Nxe4 14. Qe3 Nc5 15. fxe5 Bf5 16. Bc4 Rac8 17. Qf4 Be4 18. exd6 Bxd6 19. Rxd6 Bxf3 20. Rf1 Ne6 21. Qe5 Bg4 22. h3 b5 23. Rf4 bxc4 24. Rxc4 Qb7 25. Rxg4 Qh1+ 26. Rd1 Qxh3 27. Qe4 Qh5 28. Rh1 Qg6 29. Qxg6 fxg6 30. Re1 Rf2 31. c4 Nf4 32. Rd1 Re8 33. Rd2 Re1+ 34. Kc2 Rxd2+ 35. Kxd2 Re2+ 36. Kd1 Rf2 37. Bd4 Rf1+ 38. Kd2 Kf7 39. Be3 Ne6 40. Rh4 Ra1 41. a4 Ra2+ 42. Kc3 Re2 43. Rh3 h5 44. b4 Rg2 45. b5 axb5 46. cxb5 Ke7 47. a5 Nxg5 48. Bxg5+ Rxg5 49. Kb4 Kd6 50. a6 Kc7 51. Rc3+ Kb8 52. b6 Rf5 53. a7+ Kb7 54. Rc8 1-0

[Event "11th LCC FIDE Open 2019"]
[Site "London"]
[Date "2019.11.30"]
[Round "2.7"]
[White "Ogunshola, Olugbemiga (Ben)"]
[Black "Gordon, Stephen J"]
[Result "0-1"]
[ECO "A13"]
[WhiteElo "2169"]
[BlackElo "2505"]
[Annotator "ChessBase"]
[PlyCount "92"]
[EventDate "2019.11.29"]
[EventType "swiss"]
[EventCountry "ENG"]
[SourceTitle "playchess.com"]
[Source "ChessBase"]
[SourceQuality "1"]
[TimeControl "40/5400+30:1800+30"]

1. c4 e6 2. Nf3 d5 3. g3 dxc4 4. Qa4+ Nd7 5. Bg2 a6 6. Qxc4 b5 7. Qc2 Bb7 8. O-O Ngf6 9. d3 c5 10. a4 Be7 11. Nc3 Qb6 12. Qb3 b4 13. a5 Qc7 14. Nb1 Bd5 15. Qc2 c4 16. Bg5 Rc8 17. Rc1 Qb8 18. Nfd2 Bxg2 19. Kxg2 Rc5 20. Nf3 Qb7 21. Kg1 cxd3 22. Qxd3 h6 23. Be3 Rxc1+ 24. Bxc1 Nc5 25. Qc4 O-O 26. Be3 Rc8 27. Nbd2 Nce4 28. Qd3 Rd8 29. Bd4 Nxd2 30. Qxd2 Qb5 31. Qc2 b3 32. Qd3 Qxd3 33. exd3 g5 34. Ra4 Nd5 35. Rc4 Nb4 36. Nd2 Nxd3 37. Nxb3 Rb8 38. Bb6 Nxb2 39. Rd4 Bf6 40. Re4 Nd3 41. Kf1 Rc8 42. Re3 Nb4 43. Rf3 Nd5 44. Nd2 Rc2 45. Ne4 Be7 46. Rb3 f5 0-1

[Event "11th LCC FIDE Open 2019"]
[Site "London"]
[Date "2019.11.30"]
[Round "2.8"]
[White "Petrov, Martin"]
[Black "Hill, Alistair"]
[Result "1-0"]
[ECO "C03"]
[WhiteElo "2497"]
[BlackElo "2193"]
[Annotator "ChessBase"]
[PlyCount "91"]
[EventDate "2019.11.29"]
[EventType "swiss"]
[EventCountry "ENG"]
[SourceTitle "playchess.com"]
[Source "ChessBase"]
[SourceQuality "1"]
[TimeControl "40/5400+30:1800+30"]

1. e4 e6 2. d4 d5 3. Nd2 Be7 4. e5 c5 5. c3 cxd4 6. cxd4 Qb6 7. Ndf3 Bb4+ 8. Bd2 Nc6 9. Rc1 Bd7 10. Bxb4 Qxb4+ 11. Qd2 Qxd2+ 12. Kxd2 f6 13. Bd3 Nh6 14. Ne2 O-O 15. exf6 Rxf6 16. Bb5 Nf7 17. Ke3 e5 18. Bxc6 exd4+ 19. Nexd4 bxc6 20. Rhe1 Nd6 21. Ne5 Re8 22. Kd3 Bf5+ 23. Nxf5 Rxf5 24. Nxc6 Rxe1 25. Rxe1 Rxf2 26. Re2 Rxe2 27. Kxe2 Nc8 28. Kd3 Kf7 29. Kd4 Ke6 30. Kc5 h5 31. b4 h4 32. b5 g5 33. Nxa7 d4 34. b6 Nxb6 35. Kxb6 d3 36. Nb5 Kd5 37. Nc3+ Kc4 38. Nd1 g4 39. a4 g3 40. hxg3 hxg3 41. a5 d2 42. a6 Kd3 43. a7 Kc2 44. Ne3+ Kd3 45. a8=Q Kxe3 46. Qf3+ 1-0

[Event "11th LCC FIDE Open 2019"]
[Site "London"]
[Date "2019.11.30"]
[Round "2.9"]
[White "Pasztor, Balazs"]
[Black "Gormally, Daniel W"]
[Result "0-1"]
[ECO "B56"]
[WhiteElo "2166"]
[BlackElo "2491"]
[Annotator "ChessBase"]
[PlyCount "62"]
[EventDate "2019.11.29"]
[EventType "swiss"]
[EventCountry "ENG"]
[SourceTitle "playchess.com"]
[Source "ChessBase"]
[SourceQuality "1"]
[TimeControl "40/5400+30:1800+30"]

1. e4 c5 2. Nf3 d6 3. d4 cxd4 4. Nxd4 Nf6 5. Nc3 a6 6. Nb3 Nc6 7. Be3 e6 8. g4 h6 9. Qe2 Qc7 10. O-O-O b5 11. Bg2 Bb7 12. f4 g6 13. Rhf1 Be7 14. h3 Nd7 15. Kb1 b4 16. Na4 a5 17. Qf2 Ba6 18. Nb6 Nxb6 19. Bxb6 Qb7 20. Rfe1 a4 21. Nc1 O-O 22. e5 d5 23. f5 b3 24. cxb3 axb3 25. a3 Bc4 26. f6 Bb4 27. Qh4 Rfc8 28. Be3 Rxa3 29. Bxh6 Ra1+ 30. Kxa1 Qa6+ 31. Kb1 Ra8 0-1

[Event "11th LCC FIDE Open 2019"]
[Site "London"]
[Date "2019.11.30"]
[Round "2.11"]
[White "Villiers, Thomas"]
[Black "Flear, Glenn C"]
[Result "0-1"]
[ECO "C50"]
[WhiteElo "2145"]
[BlackElo "2463"]
[Annotator "ChessBase"]
[PlyCount "80"]
[EventDate "2019.11.29"]
[EventType "swiss"]
[EventCountry "ENG"]
[SourceTitle "playchess.com"]
[Source "ChessBase"]
[SourceQuality "1"]
[TimeControl "40/5400+30:1800+30"]

1. e4 e5 2. Nf3 Nc6 3. Bc4 Bc5 4. Nc3 Nf6 5. d3 d6 6. Be3 Bxe3 7. fxe3 O-O 8. a3 Ne7 9. O-O Ng6 10. Qe1 c6 11. Ba2 d5 12. exd5 cxd5 13. e4 Qb6+ 14. Kh1 d4 15. Nd5 Nxd5 16. Bxd5 Be6 17. Bxe6 Qxe6 18. Qg3 Rac8 19. Rf2 f6 20. h4 Qb6 21. b3 Nf4 22. h5 Nxh5 23. Qg4 g6 24. Nh4 Ng7 25. Raf1 Qe6 26. Qxe6+ Nxe6 27. Rxf6 Rxc2 28. Kg1 Rxf6 29. Rxf6 Rc6 30. Rf1 Nf4 31. Nf3 Nxd3 32. Nd2 Rc2 33. Nc4 b5 34. Nd6 Nf4 35. Nxb5 d3 36. g3 Nh3+ 37. Kh1 d2 38. Nxa7 Rc1 39. Kg2 Rxf1 40. Kxf1 d1=Q+ 0-1

[Event "11th LCC FIDE Open 2019"]
[Site "London"]
[Date "2019.11.30"]
[Round "2.12"]
[White "Arkell, Keith C"]
[Black "Johnson, Daniel"]
[Result "1-0"]
[ECO "E18"]
[WhiteElo "2445"]
[BlackElo "2186"]
[Annotator "NA"]
[PlyCount "73"]
[EventDate "2019.11.29"]
[EventType "swiss"]
[EventCountry "ENG"]
[SourceTitle "playchess.com"]
[Source "ChessBase"]
[SourceQuality "1"]
[TimeControl "40/5400+30:1800+30"]

1. d4 Nf6 2. Nf3 e6 3. c4 b6 4. g3 Bb7 5. Bg2 Be7 6. Nc3 O-O 7. O-O Ne4 8. Nxe4 Bxe4 9. Nh4 Bxg2 10. Nxg2 d5 11. Qa4 Qd7 12. Qxd7 Nxd7 13. cxd5 exd5 14. Nf4 Nf6 15. Rd1 Rfd8 16. Bd2 c5 17. dxc5 bxc5 18. Ba5 Rd7 19. Rac1 d4 20. Nd3 Rd5 21. b4 Ne4 22. bxc5 Nxc5 23. Nf4 Rf5 24. Rxd4 Ne6 25. Ra4 Nxf4 26. gxf4 Re8 27. Bd2 g5 28. e4 Rb5 29. Rxa7 Bc5 30. Rc7 Bf8 31. fxg5 Rxe4 32. Rc8 Re2 33. Be3 Re5 34. Ra8 Re6 35. Rcc8 Kg7 36. Rxf8 Rxa2 37. Rg8# 1-0

[Event "11th LCC FIDE Open 2019"]
[Site "London"]
[Date "2019.11.30"]
[Round "2.14"]
[White "Kirk, Ezra G"]
[Black "Ratnesan, Ranesh"]
[Result "1/2-1/2"]
[ECO "B51"]
[WhiteElo "2433"]
[BlackElo "2180"]
[Annotator "NA"]
[PlyCount "139"]
[EventDate "2019.11.29"]
[EventType "swiss"]
[EventCountry "ENG"]
[SourceTitle "playchess.com"]
[Source "ChessBase"]
[SourceQuality "1"]
[TimeControl "40/5400+30:1800+30"]

1. e4 c5 2. Nf3 d6 3. Bb5+ Nc6 4. O-O Bd7 5. Re1 Nf6 6. c3 a6 7. Bf1 e5 8. h3 g5 9. d4 g4 10. hxg4 Bxg4 11. dxe5 (11. d5 $16 Ne7 12. a4) 11... dxe5 12. Qxd8+ Rxd8 13. Bg5 Be7 14. Nbd2 Rg8 15. Bxf6 Bxf6 16. Be2 $11 Kd7 17. Nc4 Kc7 18. Ne3 Be6 19. Bc4 b5 20. Nd5+ Bxd5 21. Bxd5 Rd7 22. a4 Rb8 23. axb5 axb5 24. Ra6 Rb6 25. Rea1 Nd8 26. Ra7+ Kd6 27. Nh2 Bg5 28. Rxd7+ Kxd7 29. Ra7+ Ke8 30. Ng4 Bf4 31. g3 Rg6 32. Nh2 Bc1 33. b4 cxb4 34. cxb4 Rxg3+ 35. Kf1 Rg6 36. Nf3 Bf4 37. Nh4 Rb6 38. Nf5 Bg5 39. Kg2 Rg6 40. Kh3 h6 41. Ra8 Be7 42. Nxe7 Kxe7 43. Rb8 Ne6 44. Bxe6 Kxe6 45. Rb6+ Ke7 46. Rxb5 f6 47. Rb7+ Ke6 48. Rb6+ Ke7 49. Rc6 Rg1 50. b5 Rb1 51. b6 Rb4 52. f3 Rb3 53. Kg2 h5 54. Rc7+ Kd6 55. Rf7 Ke6 56. Rb7 f5 57. Rh7 fxe4 58. fxe4 Kd6 59. b7 Kc6 60. Rxh5 Kxb7 61. Rxe5 Kc6 62. Rd5 Re3 63. Rd4 Kc5 64. Ra4 Kd6 65. Kf2 Rb3 66. Ra5 Ke6 67. Ke2 Rh3 68. Rd5 Ra3 69. Rd3 Rxd3 70. Kxd3 1/2-1/2

[Event "11th LCC FIDE Open 2019"]
[Site "London"]
[Date "2019.11.30"]
[Round "2.15"]
[White "Cherniaev, Alexander"]
[Black "Osborne, Marcus E"]
[Result "1-0"]
[ECO "D11"]
[WhiteElo "2428"]
[BlackElo "2166"]
[Annotator "NA"]
[PlyCount "63"]
[EventDate "2019.11.29"]
[EventType "swiss"]
[EventCountry "ENG"]
[SourceTitle "playchess.com"]
[Source "ChessBase"]
[SourceQuality "1"]
[TimeControl "40/5400+30:1800+30"]

1. d4 d5 2. Nf3 c6 3. c4 Nf6 4. g3 Bg4 5. Bg2 e6 6. O-O Nbd7 7. Qb3 Qb6 8. Nc3 Be7 9. Bf4 O-O {[%emt 0:01:20] D11: Slav Defence: 3 Nf3 sidelines and 3...Nf6 4 e3 Bg4} 10. Rfe1 (10. c5 $11 Qxb3 11. axb3) (10. Rfd1 Bf5 11. c5 Qxb3 12. axb3 Bc2 13. Rdc1 Bxb3 14. Nd2 Bc4 15. Nxc4 dxc4 16. Na4 Nd5 17. Rxc4 {½-½ (129) Kamsky,G (2725)-Kramnik,V (2759) Nice 2009}) 10... Rfd8 $146 ({Predecessor:} 10... dxc4 11. Qxc4 Nd5 12. Bc1 Nb4 13. Rd1 Rad8 14. Bd2 Nd5 15. e4 Nxc3 16. Bxc3 Qc7 17. a4 {½-½ (32) Cvitan,O (2531)-Jovanic,O (2523) Sibenik 2010}) 11. c5 Qxb3 12. axb3 Ne4 13. b4 Bf5 14. Nh4 Bxh4 15. gxh4 Ndf6 16. f3 Nxc3 17. bxc3 Bc2 18. Ra3 h6 19. Kf2 Re8 20. Bd6 a6 21. Ke3 Nd7 $14 22. Kd2 Bg6 23. Rg1 Kh7 24. e4 f5 25. exd5 exd5 26. Bh3 Nf6 27. Raa1 Re6 28. Rg2 Rae8 29. Rag1 Nh5 30. Rxg6 Rxg6 31. Bxf5 Ree6 32. Be5 1-0

[Event "11th LCC FIDE Open 2019"]
[Site "London"]
[Date "2019.11.30"]
[Round "2.16"]
[White "Gschnitzer, Adrian"]
[Black "Walker, Martin G"]
[Result "0-1"]
[ECO "C26"]
[WhiteElo "2422"]
[BlackElo "2162"]
[Annotator "NA"]
[PlyCount "90"]
[EventDate "2019.11.29"]
[EventType "swiss"]
[EventCountry "ENG"]
[SourceTitle "playchess.com"]
[Source "ChessBase"]
[SourceQuality "1"]
[TimeControl "40/5400+30:1800+30"]

1. e4 e5 2. Nc3 Nf6 3. g3 Bc5 4. Bg2 O-O 5. Nge2 d6 6. O-O a6 7. h3 Nc6 8. d3 Nd4 {[%emt 0:05:24] C26: Vienna Game: 2...Nf6, sidelines} (8... Be6 9. Kh2 d5 10. Bg5 dxe4 11. Nxe4 Be7 12. Bxf6 Bxf6 13. f4 Be7 14. f5 Bd7 15. f6 gxf6 16. g4 f5 17. gxf5 {1-0 (32) Mamedov,R (2709)-Alekseev,E (2616) Riadh 2017}) 9. Kh2 b5 10. Nxd4 Bxd4 11. Ne2 Bb6 $146 ({Predecessor:} 11... Bb7 12. c3 Bb6 13. f4 c5 14. Qc2 {1-0 (40) Vos,J (2115)-De Groote,J (1893) Hengelo 2005}) 12. f4 Bb7 13. fxe5 dxe5 14. g4 Nd7 15. Ng3 f6 16. h4 Nc5 17. Bh3 Bc8 18. Qe2 Ne6 19. Qg2 $15 c5 20. g5 Nf4 21. Bxf4 exf4 22. Nh5 fxg5 23. hxg5 Bc7 24. Rf3 Be5 25. Raf1 Qd6 26. Bxc8 Raxc8 27. Qg4 Rc7 28. c3 Rcf7 29. Re1 g6 30. Nf6+ Bxf6 31. gxf6 Qxf6 32. e5 Qe7 33. d4 cxd4 34. cxd4 Rf5 35. Rg1 Qf7 36. b3 Kh8 37. Re1 Qd5 38. Rh3 Qxd4 39. Rg1 Qd7 40. Qxg6 Rxe5 41. Qc2 Qe7 42. Qb2 Rf6 43. Qc3 Re2+ 44. Rg2 Rxg2+ 45. Kxg2 f3+ 0-1

[Event "11th LCC FIDE Open 2019"]
[Site "London"]
[Date "2019.11.30"]
[Round "2.17"]
[White "Marzano, Carlo"]
[Black "McDonald, Neil R"]
[Result "1/2-1/2"]
[ECO "D56"]
[WhiteElo "2128"]
[BlackElo "2412"]
[Annotator "NA"]
[PlyCount "68"]
[EventDate "2019.11.29"]
[EventType "swiss"]
[EventCountry "ENG"]
[SourceTitle "playchess.com"]
[Source "ChessBase"]
[SourceQuality "1"]
[TimeControl "40/5400+30:1800+30"]

1. d4 d5 2. c4 e6 3. Nc3 Be7 4. Nf3 Nf6 5. Bg5 h6 6. Bh4 O-O 7. e3 Ne4 8. Bxe7 Qxe7 9. Rc1 c6 10. Bd3 Nxc3 11. Rxc3 dxc4 12. Bxc4 Nd7 13. O-O e5 14. dxe5 Nxe5 15. Nxe5 Qxe5 16. f4 Qe4 17. Qe2 Bf5 18. Bd3 Qe6 19. Bxf5 Qxf5 20. Qc2 Qxc2 $11 21. Rxc2 Rfe8 22. Kf2 Rad8 23. Ke2 Rd4 24. g3 Rde4 25. Rc3 Rb4 26. b3 Rbe4 27. Rd1 R8e7 28. Rd8+ Kh7 29. Ra8 b6 30. Rc8 c5 31. Rd3 g5 32. Kf3 f5 33. Rf8 Kg6 34. Rg8+ Kh7 1/2-1/2

[Event "11th LCC FIDE Open 2019"]
[Site "London"]
[Date "2019.11.30"]
[Round "2.18"]
[White "Percivaldi, Martin"]
[Black "Stanisz, Patryk"]
[Result "1-0"]
[ECO "D02"]
[WhiteElo "2384"]
[BlackElo "2139"]
[Annotator "NA"]
[PlyCount "63"]
[EventDate "2019.11.29"]
[EventType "swiss"]
[EventCountry "ENG"]
[SourceTitle "playchess.com"]
[Source "ChessBase"]
[SourceQuality "1"]
[TimeControl "40/5400+30:1800+30"]

1. Nf3 d5 2. g3 c6 3. Bg2 Nf6 4. O-O Nbd7 5. d4 e6 6. Nbd2 Be7 7. c4 b6 8. Qc2 Bb7 9. e4 dxe4 10. Nxe4 Nxe4 11. Qxe4 Nf6 12. Qc2 c5 13. d5 exd5 14. Nh4 $11 Qd7 15. Nf5 O-O-O 16. Bf4 h5 17. f3 Rde8 18. Nxg7 Reg8 19. Nf5 h4 20. Nxe7+ Qxe7 21. Bh3+ Nd7 22. Rae1 Qd8 23. Qf5 hxg3 24. hxg3 d4 25. Kg2 Bc6 26. a3 Qh4 27. Re8+ Rxe8 28. gxh4 Rxh4 29. Bg3 Rh6 30. Qf4 Re2+ 31. Rf2 Rxf2+ 32. Kxf2 1-0

[Event "11th LCC FIDE Open 2019"]
[Site "London"]
[Date "2019.11.30"]
[Round "2.20"]
[White "Modi, Shyam Jagdish"]
[Black "Beinoras, Mindaugas"]
[Result "0-1"]
[ECO "D11"]
[WhiteElo "2124"]
[BlackElo "2350"]
[Annotator "ChessBase"]
[PlyCount "34"]
[EventDate "2019.11.29"]
[EventType "swiss"]
[EventCountry "ENG"]
[SourceTitle "playchess.com"]
[Source "ChessBase"]
[SourceQuality "1"]
[TimeControl "40/5400+30:1800+30"]

1. d4 d5 2. c4 dxc4 3. e3 Be6 4. Nc3 c6 5. Nf3 b5 6. Ng5 Bc8 7. e4 h6 8. Nf3 Nf6 9. a4 b4 10. e5 bxc3 11. exf6 cxb2 12. fxg7 bxa1=Q 13. gxh8=Q Qa5+ 14. Nd2 Q5c3 15. Bxc4 Qaxc1 16. Qxc1 Qxc1+ 17. Ke2 Bg4+ 0-1

[Event "11th LCC FIDE Open 2019"]
[Site "London"]
[Date "2019.11.30"]
[Round "2.21"]
[White "Bates, Richard A"]
[Black "Bates, Caspar J"]
[Result "1-0"]
[ECO "E13"]
[WhiteElo "2342"]
[BlackElo "2120"]
[Annotator "NA"]
[PlyCount "85"]
[EventDate "2019.11.29"]
[EventType "swiss"]
[EventCountry "ENG"]
[SourceTitle "playchess.com"]
[Source "ChessBase"]
[SourceQuality "1"]
[TimeControl "40/5400+30:1800+30"]

1. d4 Nf6 2. Nf3 b6 3. c4 Bb7 4. Nc3 e6 5. Bg5 h6 6. Bh4 Bb4 7. Nd2 Nc6 8. e3 Qe7 9. Rc1 O-O-O 10. a3 Bxc3 $1 11. Rxc3 g5 12. Bg3 d5 13. c5 e5 14. cxb6 axb6 15. Qc2 Nxd4 $1 {[%emt 0:03:52] [#]} 16. Rxc7+ $1 {[%emt 0:00:44] Decoy} Qxc7 $14 17. Qxc7+ Kxc7 18. Bxe5+ Rd6 19. exd4 Re8 20. Be2 Ng4 21. Bxd6+ Kxd6 22. Nb1 Ba6 23. Nc3 Nf6 24. f3 g4 25. Kf2 Bxe2 26. Nxe2 gxf3 27. gxf3 Rc8 28. Rc1 Rxc1 29. Nxc1 Nh5 30. Ne2 Ng7 31. Ng3 Ke6 32. Ke3 Ne8 33. Nh5 b5 34. b3 Kd6 35. Kf4 Ke6 36. a4 bxa4 37. bxa4 Kd6 38. Ng3 Kc6 39. Nf5 Kb6 40. Nxh6 f6 41. Kf5 Ka5 42. Ke6 Kxa4 43. Nf5 1-0

[Event "11th LCC FIDE Open 2019"]
[Site "London"]
[Date "2019.11.30"]
[Round "2.22"]
[White "Pollack, Oscar"]
[Black "Bradbury, Neil H"]
[Result "1-0"]
[ECO "B42"]
[WhiteElo "2112"]
[BlackElo "2326"]
[Annotator "NA"]
[PlyCount "57"]
[EventDate "2019.11.29"]
[EventType "swiss"]
[EventCountry "ENG"]
[SourceTitle "playchess.com"]
[Source "ChessBase"]
[SourceQuality "1"]
[TimeControl "40/5400+30:1800+30"]

1. e4 c5 2. Nf3 e6 3. d4 cxd4 4. Nxd4 a6 5. Bd3 Qc7 6. O-O Nf6 7. Re1 Bc5 8. Nb3 Bd6 9. h3 b5 (9... O-O $11 {remains equal.}) 10. a4 bxa4 11. Rxa4 Nc6 12. N1d2 $14 O-O 13. Nc4 Bh2+ 14. Kh1 d5 15. exd5 exd5 16. Ne3 Be6 17. Nf1 Be5 18. Rh4 h6 19. Bxh6 gxh6 20. Qd2 Ne4 21. Bxe4 dxe4 22. Qxh6 Rfd8 23. Nc5 Bf5 24. Nxe4 Bg7 25. Nf6+ Kf8 26. Qg5 Bg6 27. Qc5+ Rd6 28. Rd4 Rad8 29. Rxd6 1-0

[Event "11th LCC FIDE Open 2019"]
[Site "London"]
[Date "2019.11.30"]
[Round "2.23"]
[White "Zujev, Oleg"]
[Black "Tanmay Chopra"]
[Result "1-0"]
[ECO "E46"]
[WhiteElo "2316"]
[BlackElo "2082"]
[Annotator "NA"]
[PlyCount "67"]
[EventDate "2019.11.29"]
[EventType "swiss"]
[EventCountry "ENG"]
[SourceTitle "playchess.com"]
[Source "ChessBase"]
[SourceQuality "1"]
[TimeControl "40/5400+30:1800+30"]

1. d4 Nf6 2. c4 e6 3. Nc3 Bb4 4. e3 O-O 5. Nge2 d5 6. a3 Bd6 7. Ng3 c5 8. dxc5 Bxc5 9. Be2 {[%emt 0:00:23] E46: Nimzo-Indian: Rubinstein: 4 e3 0-0 5 Ne2 without early Bd3} (9. b4 Be7 10. cxd5 Nxd5 11. Nxd5 Qxd5 12. Qxd5 exd5 13. Bb2 a5 14. bxa5 Rxa5 15. Be2 Nc6 16. O-O g6 17. a4 {½-½ (40) Rozum,I (2572)-Lysyj,I (2623) Yaroslavl 2019}) 9... Nc6 10. b4 Bd6 11. Bb2 a6 12. O-O dxc4 13. Bxc4 b5 14. Bb3 Bb7 15. f4 Ne7 16. e4 (16. Qe2 $11) 16... Bc7 $146 ({Predecessor:} 16... e5 17. Nxb5 Bxb4 18. axb4 axb5 19. Qxd8 Raxd8 {1-0 (24) Tran,M (2359)-Dudin,G (2073) Moscow 2018}) 17. Qe2 Bb6+ 18. Kh1 Nc6 19. Ba2 Ra7 20. Nh5 $11 Nxh5 21. Qxh5 Nd4 22. Rad1 Qa8 23. Nd5 exd5 24. Rxd4 Qd8 25. Qg4 g6 26. Qd1 Ra8 27. Bxd5 Bxd5 28. Rxd5 Qe7 29. Qf3 Rac8 30. f5 Rc4 31. Be5 Qh4 32. fxg6 hxg6 33. Bd6 Bc7 34. g3 1-0

[Event "11th LCC FIDE Open 2019"]
[Site "London"]
[Date "2019.11.30"]
[Round "2.24"]
[White "Seymour, Timothy P"]
[Black "Cox, John J"]
[Result "0-1"]
[ECO "A40"]
[WhiteElo "2107"]
[BlackElo "2306"]
[Annotator "NA"]
[PlyCount "62"]
[EventDate "2019.11.29"]
[EventType "swiss"]
[EventCountry "ENG"]
[SourceTitle "playchess.com"]
[Source "ChessBase"]
[SourceQuality "1"]
[TimeControl "40/5400+30:1800+30"]

1. c4 g6 2. d4 Bg7 3. Nf3 c5 4. d5 d6 5. e3 e6 6. Nc3 exd5 7. cxd5 Nf6 8. Be2 O-O 9. Nd2 Na6 10. O-O Nc7 11. e4 Rb8 12. a4 b6 13. Nc4 Ba6 $14 14. Bg5 Qd7 15. f4 Bxc4 16. Bxc4 a6 17. e5 Nfe8 18. e6 fxe6 19. dxe6 Nxe6 20. Qb3 N8c7 21. Rae1 Rfe8 22. Nd5 b5 23. axb5 axb5 24. Nxc7 bxc4 25. Qxc4 Bd4+ 26. Kh1 Qxc7 27. Rxe6 Qf7 28. Rfe1 Rxe6 29. Rxe6 Rxb2 30. h4 Rb1+ 31. Kh2 Re1 0-1

[Event "11th LCC FIDE Open 2019"]
[Site "London"]
[Date "2019.11.30"]
[Round "2.25"]
[White "Risting, Eivind Olav"]
[Black "Coote, Trevor D"]
[Result "1-0"]
[ECO "D38"]
[WhiteElo "2298"]
[BlackElo "2075"]
[Annotator "NA"]
[PlyCount "50"]
[EventDate "2019.11.29"]
[EventType "swiss"]
[EventCountry "ENG"]
[SourceTitle "playchess.com"]
[Source "ChessBase"]
[SourceQuality "1"]
[TimeControl "40/5400+30:1800+30"]

1. d4 e6 2. c4 Bb4+ 3. Nc3 d5 4. Nf3 Nf6 5. Qa4+ Nc6 6. e3 Bd7 7. Qc2 Qe7 8. Bd2 O-O 9. a3 Bxc3 10. Bxc3 Ne4 11. Bd3 f5 12. b4 Nxc3 13. Qxc3 Rac8 14. O-O Rf6 15. b5 Nd8 16. Qa5 b6 17. Qxa7 $18 Rh6 18. c5 Nf7 19. cxb6 cxb6 20. Rfc1 Rd8 21. Rc7 Qd6 22. Rac1 f4 23. Ne5 fxe3 24. Rxd7 exf2+ 25. Kf1 Rxd7 1-0